 Dungeon Crawl Stone Soup version 0.31-a0-217-g58bb5d79cf (webtiles) character file.

Game seed: 4595133538744377521

36449 Armakuni the Geomancer (level 14, -2/103 HPs)
             Began as a Human Artificer on July 1, 2023.
             Was an Initiate of Ru.
             Slain by a skyshark (6 damage)
             ... on level 5 of the Lair of Beasts on July 2, 2023.
             The game lasted 01:07:28 (15486 turns).

Armakuni the Geomancer (Human Artificer)           Turns: 15486, Time: 01:07:29

Health: -2/103     AC: 12    Str: 16    XL:     14   Next: 23%
Magic:  19/19      EV: 12    Int: 16    God:    Ru [......]
Gold:   1268       SH:  0    Dex: 20    Spells: 14/23 levels left

rFire   . . .        b - +4 quarterstaff "Jelolet" {heavy, rPois}
rCold   . . .        (shield currently unavailable)
rNeg    . . .        m - +1 ring mail
rPois   +            s - +2 helmet {Int+3}
rElec   +            r - +0 cloak
rCorr   .            (no gloves)
SInv    .            t - +0 pair of boots of Idealism {rElec}
Will    +....        R - amulet of regeneration
Stlth   +            D - +6 ring of dexterity
HPRegen 1.17/turn    E - +5 ring of evasion
MPRegen 0.16/turn

%: no passive effects
@: petrifying, very slow
A: low MP 1, electricity resistance
a: Renounce Religion


You were on level 5 of the Lair of Beasts.
You worshipped Ru.
Ru was noncommittal.
You visited 4 branches of the dungeon, and saw 18 of its levels.
You also visited: Volcano.

You collected 2022 gold pieces.
You spent 754 gold pieces at shops.

Inventory:

Hand Weapons
 b - the +4 quarterstaff "Jelolet" (weapon) {heavy, rPois}
   (You found it on level 4 of the Lair of Beasts)

   rPois:     It protects you from poison.
Armour
 m - a +1 ring mail (worn)
 r - a +0 cloak (worn)
 s - a +2 helmet of intelligence (worn)
 t - the +0 pair of boots of Idealism (worn) {rElec}
   (You found it on level 8 of the Dungeon)

   rElec:     It insulates you from electricity.
Magical Staves
 a - a staff of earth
 d - a staff of death
Jewellery
 D - a +6 ring of dexterity (left hand)
 E - a +5 ring of evasion (right hand)
 J - a ring of ice
 K - a ring of resist corrosion
 L - a ring of flight
 R - an amulet of regeneration (around neck)
Wands
 k - a wand of digging (5)
 p - a wand of polymorph (5)
 v - a wand of flame (10) (quivered)
 z - a wand of charming (4)
Scrolls
 c - 3 scrolls of teleportation
 f - a scroll of revelation
 i - a scroll of poison
 j - a scroll of silence
 n - 2 scrolls of amnesia
 w - a scroll of enchant armour
 y - a scroll of enchant weapon
 A - 3 scrolls of immolation
 B - 3 scrolls of noise
Potions
 e - 5 potions of curing
 g - a potion of attraction
 h - 2 potions of might
 o - a potion of haste
 q - 4 potions of brilliance
 u - 2 potions of heal wounds
Miscellaneous
 l - a lightning rod (2/4)
 x - a piece from Xom's chessboard (4/15)


   Skills:
 - Level 7.4 Fighting
 - Level 2.5(8.0) Maces & Flails
 - Level 11.8(12.0) Staves
 - Level 5.0 Armour
 - Level 5.8 Dodging
 - Level 1.0 Stealth
 - Level 5.2 Spellcasting
 - Level 5.3 Conjurations
 + Level 3.0 Translocations
 - Level 13.6 Earth Magic
 - Level 10.0 Evocations


You had 14 spell levels left.
You knew the following spells:

 Your Spells              Type           Power      Damage    Failure   Level
l - Lee's Rapid Deconstr  Erth           24%        3d13*     2%          5
m - Iskenderun's Mystic   Conj/Tloc      17%        2d5       43%         4

Your spell library contained the following spells:

 Spells                   Type           Power      Damage    Failure   Level
 Leda's Liquefaction      Hex/Erth       13%        N/A       16%         4
 Freeze                   Ice            16%        1d4       26%         1
 Necrotise                Necr           16%        1d4       26%         1
 Hailstorm                Conj/Ice       12%        3d5       26%         3
 Portal Projectile        Hex/Tloc       18%        N/A       41%         3
 Volatile Blastmotes      Fire/Tloc      18%        2d11      41%         3
 Passage of Golubria      Tloc           13%        N/A       61%         4
 Call Canine Familiar     Summ           4%         N/A       63%         3
 Frozen Ramparts          Ice            8%         1d2       63%         3
 Vampiric Draining        Necr           4%         2d6       63%         3
 Fulminant Prism          Conj/Hex       6%         3d7       65%         4
 Agony                    Necr           4%         N/A       100%        5
 Silence                  Hex/Air        2%         N/A       100%        5
 Borgnjor's Revivificati  Necr           2%         N/A       100%        8
 Lehudib's Crystal Spear  Conj/Erth      17%        10d5      100%        8
 Necromutation            Tmut/Necr      2%         N/A       100%        8
 Death's Door             Necr           2%         N/A       100%        9


Dungeon Overview and Level Annotations

Branches:
Dungeon (11/15)            Temple (1/1) D:7            Lair (5/5) D:9
  Swamp (0/4) Lair:2        Snake (0/4) Lair:3          Orc (1/2) D:11
Volcano (visited)
  Slime: Lair:4-5

Altars:
Ashenzari
Cheibriados
Dithmenos
Elyvilon
Fedhas
Gozag
Hepliaklqana
Kikubaaqudgha
Makhleb
Nemelex Xobeh
Okawaru
Qazlal
Ru
Sif Muna
Trog
Uskayaw
Vehumet
Wu Jian
Xom
Yredelemnul
Zin
The Shining One

Shops:
D:1 :   D:3 ?   D:7 =


Innate Abilities, Weirdness & Mutations

Your magical capacity is low. (-10% MP)
You are resistant to electric shocks. (rElec)


Message History

The skyshark misses you. The skyshark tail-slaps you. The skyshark misses you.
You barely miss the skyshark.
The skyshark is heavily wounded.
The skyshark misses you.
The skyshark tail-slaps you but does no damage. x2
You hit the skyshark.
The skyshark is heavily wounded.
The skyshark bites you!
The skyshark enters a blood-rage!
The skyshark tail-slaps you but does no damage.
The skyshark completely misses you.
You hit the skyshark but do no damage.
The skyshark is heavily wounded.
The skyshark completely misses you.
The skyshark tail-slaps you but does no damage. x2
The skyshark barely misses you. The skyshark tail-slaps you.
The skyshark tail-slaps you!
You barely miss the skyshark.
The skyshark is heavily wounded.
The basilisk gazes at you.
You are slowing down.
The skyshark bites you!!
* * * LOW HITPOINT WARNING * * *
The skyshark tail-slaps you.
The skyshark tail-slaps you but does no damage.
Unknown command.
You barely miss the skyshark.
The skyshark is heavily wounded.
The skyshark barely misses you. The skyshark tail-slaps you!
* * * LOW HITPOINT WARNING * * *
The skyshark tail-slaps you but does no damage.
The basilisk bites you but does no damage.
The skyshark bites you but does no damage.
The skyshark tail-slaps you!
* * * LOW HITPOINT WARNING * * *
The skyshark tail-slaps you.
* * * LOW HITPOINT WARNING * * *
The basilisk barely misses you. The skyshark bites you!
* * * LOW HITPOINT WARNING * * *
The skyshark misses you. The skyshark tail-slaps you!
You die...

......P........
...............
.................
.................
.................
.................
......#..ll......
......##.@.......
........$........
.......<†........
................P
........!........
................#
###.###..########
## ####


You could see a skyshark (berserk) and a basilisk.

Vanquished Creatures
  Fannar (D:10)
  A hydra (Lair:2)
  A boulder beetle (Lair:2)
  A two-headed ogre (D:10)
  2 skysharks
  2 bog bodies (Lair:2)
  An ugly thing (D:10)
  4 black mambas
  A torpor snail (Lair:3)
  4 cane toads
  A kobold demonologist (D:9)
  5 komodo dragons
  Psyche (D:8)
  A troll (D:9)
  4 polar bears
  Prince Ribbit (D:6)
  7 blink frogs
  2 wyverns
  A basilisk (Lair:5)
  14 yaks
  2 steam dragons
  Eustachio (D:6)
  2 fire elementals (Volcano)
  12 water moccasins
  A sky beast (D:7)
  2 orc warriors (D:9)
  3 ice beasts
  2 black bears
  15 wolves
  2 centaurs (D:9)
  2 phantoms
  16 bullfrogs
  4 kobold brigands
  6 scorpions
  11 killer bees
  2 electric eels
  3 hounds
  3 gnoll boudas
  An orc priest (D:6)
  2 jellies
  3 iguanas
  3 orc wizards
  A sleepcap (D:6)
  11 adders
  20 gnolls
  A shadow imp (D:7)
  2 white imps
  3 worms (D:2)
  4 dart slugs
  6 orcs
  6 ball pythons
  3 endoplasms
  2 giant cockroaches
  6 goblins
  5 hobgoblins
  24 kobolds
  2 quokkas
  4 bats (D:3)
  2 frilled lizards
  A rat (D:1)
256 creatures vanquished.

Vanquished Creatures (collateral kills)
  A komodo dragon (Lair:4)
  A blink frog (Lair:3)
  4 wolves (Lair:4)
  2 killer bees (D:4)
  A howler monkey (D:5)
  A jelly (D:4)
  3 gnolls (D:3)
  An orc (D:5)
  A bat (D:3)
  A giant cockroach (D:4)
  A frilled lizard (D:3)
  2 goblins
19 creatures vanquished.

Vanquished Creatures (others)
  A human (D:10)
  2 killer bees (D:4)
  An orc priest (D:5)
  A hound (D:4)
  An orc wizard (D:9)
  A goblin (D:3)
  A ball python (D:2)
  A kobold (D:8)
9 creatures vanquished.

Grand Total: 284 creatures vanquished

Notes
Turn   | Place    | Note
-------+----------+-------------------------------------------
     0 | D:1      | Armakuni the Human Artificer began the quest for the Orb.
     0 | D:1      | Reached XP level 1. HP: 15/15 MP: 1/1
    30 | D:1      | Found Petan's Book Emporium.
   163 | D:1      | Reached skill level 1 in Maces & Flails
   176 | D:1      | Reached XP level 2. HP: 21/21 MP: 2/2
   357 | D:1      | Found a faded altar of an unknown god.
   537 | D:2      | Reached XP level 3. HP: 22/26 MP: 3/3
  1024 | D:2      | Reached skill level 1 in Staves
  1024 | D:2      | Reached XP level 4. HP: 21/32 MP: 4/4
  1523 | D:3      | Reached XP level 5. HP: 37/37 MP: 5/5
  1776 | D:3      | Found Wiraoc's Magic Scroll Shoppe.
  2069 | D:3      | Reached XP level 6. HP: 43/43 MP: 6/6
  2149 | D:3      | Found a shimmering blue altar of Sif Muna.
  2337 | D:4      | Found a stormy altar of Qazlal.
  2431 | D:4      | Reached skill level 5 in Evocations
  2516 | D:4      | Reached XP level 7. HP: 31/48 MP: 7/7
  2518 | D:4      | Found a burning altar of Makhleb.
  2907 | D:4      | Found a bloodstained altar of Trog.
  2978 | D:5      | Entered Level 5 of the Dungeon
  3070 | D:5      | Found a sacrificial altar of Ru.
  3101 | D:5      | Became a worshipper of Ru the Awakened
  3176 | D:5      | Reached XP level 8. HP: 36/58 MP: 8/8
  3521 | D:5      | Reached skill level 5 in Staves
  4509 | D:6      | Noticed Prince Ribbit
  4511 | D:6      | Killed Prince Ribbit
  4518 | D:6      | Noticed Eustachio
  4521 | D:6      | Identified the +0 leather armour of Pyiwkes {rF+ rC+}
  4525 | D:6      | Killed Eustachio
  4526 | D:6      | Reached XP level 9. HP: 63/63 MP: 9/9
  4708 | D:6      | Found a glowing golden altar of the Shining One.
  4709 | D:6      | Found a shadowy altar of Dithmenos.
  4709 | D:6      | Found an ornate altar of the Wu Jian Council.
  4921 | D:7      | Found Leqyfuf's Jewellery Shop.
  5495 | D:7      | Found a staircase to the Ecumenical Temple.
  5503 | Temple   | Entered the Ecumenical Temple
  5760 | D:7      | Reached skill level 10 in Staves
  5774 | D:7      | Found a shimmering altar of Xom.
  5935 | D:8      | Noticed Psyche
  6039 | D:8      | Killed Psyche
  6042 | D:8      | Reached XP level 10. HP: 30/70 MP: 10/10
  6269 | D:8      | Found an iron altar of Okawaru.
  6288 | D:8      | Identified the +0 pair of boots of Idealism {rElec}
  6744 | D:9      | Noticed a boulder beetle
  6745 | D:9      | Noticed a cyclops
  7065 | D:9      | Found a staircase to the Lair.
  7230 | D:9      | Found a glowing silver altar of Zin.
  7231 | D:9      | Noticed an angel
  7497 | D:10     | Entered Level 10 of the Dungeon
  7497 | D:10     | Noticed a two-headed ogre
  7595 | D:10     | Noticed a kobold demonologist
  7609 | D:10     | Noticed a soul eater
  7696 | D:9      | Killed a kobold demonologist
  7697 | D:9      | Reached skill level 5 in Fighting
  7742 | D:10     | Killed a two-headed ogre
  7838 | D:10     | Upgraded the game from 0.31-a0-214-gb37851dbb3 to
                  | 0.31-a0-217-g58bb5d79cf
  7839 | D:10     | Reached XP level 11. HP: 55/79 MP: 11/11
  7952 | D:10     | Noticed a red ugly thing
  7959 | D:10     | Killed a red ugly thing
  8301 | D:10     | Noticed Fannar
  8331 | D:10     | Killed Fannar
  8595 | D:10     | Found an ancient bone altar of Kikubaaqudgha.
  8645 | D:11     | Noticed a two-headed ogre
  8707 | D:11     | Noticed a two-headed ogre
  8749 | D:11     | Found a staircase to the Orcish Mines.
  8758 | Orc:1    | Entered Level 1 of the Orcish Mines
  8758 | Orc:1    | Noticed an orc sorcerer
  8759 | Orc:1    | Noticed an orc knight
  8761 | Orc:1    | Paralysed by an orc sorcerer for 5 turns
  8766 | Orc:1    | Noticed a sixfirhy
  8823 | Lair:1   | Entered Level 1 of the Lair of Beasts
  9347 | D:9      | Reached skill level 5 in Armour
  9835 | D:9      | Reached skill level 5 in Dodging
 10165 | D:9      | Reached skill level 10 in Evocations
 11138 | Lair:2   | Noticed a skyshark
 11316 | Lair:2   | Noticed a four-headed hydra
 11348 | Lair:2   | Killed a four-headed hydra
 11396 | Lair:2   | Reached XP level 12. HP: 89/89 MP: 12/12
 11544 | Lair:2   | Gained mutation: Your magical capacity is low. (-10% MP)
                  | [potion of mutation]
 11544 | Lair:2   | Gained mutation: You are resistant to electric shocks.
                  | (rElec) [potion of mutation]
 11680 | Lair:2   | Identified a scroll of acquirement
 11681 | Lair:2   | Acquired a manual of Earth Magic
 11941 | Lair:2   | Killed a skyshark
 11942 | Lair:2   | Reached skill level 3 in Earth Magic
 12008 | Lair:2   | Noticed a boulder beetle
 12017 | Lair:2   | Killed a boulder beetle
 12018 | Lair:2   | Reached skill level 5 in Earth Magic
 12128 | Lair:2   | Reached skill level 6 in Earth Magic
 12470 | Lair:2   | Reached skill level 7 in Earth Magic
 12500 | Lair:2   | Reached skill level 8 in Earth Magic
 12634 | Lair:2   | Found a staircase to the Swamp.
 12656 | Lair:2   | Reached skill level 9 in Earth Magic
 13155 | D:3      | Bought a scroll of acquirement for 676 gold pieces
 13155 | D:3      | Bought a scroll of teleportation for 39 gold pieces
 13155 | D:3      | Bought a scroll of teleportation for 39 gold pieces
 13155 | D:3      | Acquired 1098 gold pieces
 13469 | Lair:3   | Found a dark tunnel.
 13474 | Volcano  | Entered a volcano
 13566 | Volcano  | Reached skill level 10 in Earth Magic
 13568 | Volcano  | Noticed a stone giant
 13574 | Volcano  | HP: 2/91 [stone giant (25)]
 13835 | Lair:3   | Learned a level 5 spell: Lee's Rapid Deconstruction
 13882 | Lair:3   | Found a staircase to the Snake Pit.
 14104 | Lair:3   | Reached skill level 11 in Earth Magic
 14130 | Lair:3   | Reached skill level 12 in Earth Magic
 14338 | Lair:3   | Reached XP level 13. HP: 93/96 MP: 11/11
 14639 | Lair:4   | Reached skill level 13 in Earth Magic
 14723 | Lair:4   | Reached skill level 1 in Spellcasting
 14743 | Lair:4   | Learned a level 4 spell: Iskenderun's Mystic Blast
 14893 | Lair:4   | Reached skill level 5 in Spellcasting
 14893 | Lair:4   | Reached skill level 5 in Conjurations
 14893 | Lair:4   | Reached XP level 14. HP: 103/103 MP: 14/19
 14954 | Lair:4   | Reached skill level 1 in Translocations
 15044 | Lair:4   | Identified the +4 quarterstaff "Jelolet" {heavy, rPois}
 15460 | Lair:5   | Entered Level 5 of the Lair of Beasts
 15486 | Lair:5   | HP: 4/103 [skyshark (8)]
 15486 | Lair:5   | Slain by a skyshark

Illustrated notes

Levels and vault maps discovered:
D:1:      dpeg_arrival_castle, layout_rooms, serial_shops, shop,
          shapermc_ecumenical_altar_petra
D:2:      layout_basic, reono_crystal_passage
D:3:      layout_basic, lemuel_blue_sif_altar, serial_shops,
          nicolae_shop_peninsula, chequers_serial_rivers_room_a
D:4:      layout_cave_pools, nicolae_qazlal_scattered_showers, trog_book,
          bloody_makhleb, lemuel_flame_loot_1
D:5:      layout_loops_ring, nicolae_ru_sacrificial_ziggurat
D:6:      layout_cave_pods, gammafunk_temple_overflow_claw, serial_column_ruins,
          column_ruins_hut_ruined, column_ruins_grid_4, column_ruins_open_tiny,
          column_ruins_open_tiny, column_ruins_grid_1, column_ruins_open_small,
          uniq_eustachio, uniq_prince_ribbit1
D:7:      layout_cave_pools, marbit_many_paths, minmay_temple_entry_wispy,
          serial_shops, nicolae_shop_gibbet_a_chance
D:8:      layout_basic, lemuel_round_altar, uniq_psyche
D:9:      minmay_evil_eye, layout_rooms, zin_angel,
          grunt_lair_entry_orc_guard_hut, lightli_corner_chamber
D:10:     layout_cave_pools, tgw_kikubaaqudgha, uniq_fannar
D:11:     layout_loops_cross, orc_0_dummy, serial_shops,
          nicolae_shop_statue_plus, minmay_quadrilaterals, uniq_lodul
Temple:   zaba_magenta_temple
Lair:1:   layout_regular_city, nicolae_lair_lil_pond, st_stairs_4,
          beast_lair_carwin_11, infiniplex_staircase_pool_2
Lair:2:   layout_long_grid, nicolae_swamp_entry_splash_gauntlet,
          nzn_sisyphean_effort, grunt_megastairs_2
Lair:3:   layout_roguey, dummy_snake_entry, nicolae_volcano_entry_s_turn,
          infiniplex_staircase_pool
Lair:4:   layout_regular_city, chequers_serial_rivers_micro_b
Lair:5:   hangedman_lair_tendril_chambers, layout_hall_layers, wormcave,
          nicolae_slime_entry_slimehenge, ebering_ghost_rock_garden, uniq_kirke
Orc:1:    layout_caves, serial_shops, nicolae_shop_hallway_plus, uniq_snorg

Skill      XL: |  1  2  3  4  5  6  7  8  9 10 11 12 13 14 |
---------------+-------------------------------------------+-----
Maces & Flails | 1 2 |  2.5
Staves         | 1 2 3 4 7 11 | 11.8
Evocations     | 4 5 6 8 10 | 10.0
Fighting       | 3 5 6 7 |  7.4
Dodging        | 2 5 |  5.8
Armour         | 3 5 |  5.0
Earth Magic    | 12 13 | 13.6
Spellcasting   | 5 |  5.2
Conjurations   | 5 |  5.3
Translocations | 3 |  3.0
Stealth        | |  1.0

Action                     |  1- 3 |  4- 6 |  7- 9 | 10-12 | 13-15 || total
---------------------------+-------+-------+-------+-------+-------++-------
  Melee: Club              |    60 |       |       |       |       ||    60
         Punch             |     2 |     1 |       |     4 |     1 ||     8
         Staff             |    35 |   166 |   116 |   157 |    76 ||   550
         Quarterstaff      |       |       |   183 |   631 |    16 ||   830
   Fire: Sling             |       |    31 |       |       |       ||    31
  Throw: Dart              |     8 |    10 |    18 |    50 |       ||    86
   Cast: Lee's Rapid Decon |       |       |       |       |     2 ||     2
 Invoke: Reject Sacrifices |       |       |     1 |     1 |     1 ||     3
  Evoke: Wand              |    10 |    12 |    31 |    23 |     1 ||    77
         Piece from Xom's  |       |       |       |    30 |       ||    30
         Lightning rod     |       |       |       |     3 |     3 ||     6
    Use: Scroll            |     8 |     4 |     5 |    24 |     2 ||    43
         Potion            |     1 |       |     1 |    16 |     1 ||    19
   Stab: Sleeping          |     1 |     2 |       |       |     1 ||     4
         Petrified         |       |       |       |    18 |       ||    18
         Confused          |       |       |       |     4 |       ||     4
         Petrifying        |       |       |       |     4 |       ||     4
 Armour: Leather armour    |    22 |    23 |    20 |       |       ||    65
         Ring mail         |       |     7 |    78 |   274 |    29 ||   388
         Skin              |       |       |       |    31 |       ||    31
  Dodge: Dodged            |    51 |    76 |   181 |   712 |    39 ||  1059

Table legend: (Time is in decaauts)
 A = Elapsed time spent in this place.
 B = Non-inter-level travel time spent in this place.
 C = Inter-level travel time spent in this place.
 D = Time resting spent in this place.
 E = Time spent auto-exploring this place.
 F = Levels seen in this place.
 G = Mean time per level.
                   A        B        C        D        E       F      G
               +--------+--------+--------+--------+--------+-----+--------+
         Total |  15278 |  14229 |   1049 |   3783 |   6795 |  19 |  804.1 |
       Dungeon |  10609 |   9772 |    837 |   2973 |   4189 |  11 |  964.5 |
        Temple |     73 |     73 |      0 |      0 |     50 |   1 |   73.0 |
          Lair |   4455 |   4244 |    211 |    810 |   2501 |   5 |  891.0 |
  Orcish Mines |      9 |      9 |      0 |      0 |      0 |   1 |    9.0 |
       Volcano |    131 |    131 |      0 |      0 |     55 |   1 |  131.0 |
               +--------+--------+--------+--------+--------+-----+--------+

Top non-repeatable levels by time:
     D:9: 2243 daAuts
  Lair:2: 1606 daAuts
     D:3: 1096 daAuts
     D:5: 1084 daAuts
     D:8: 1065 daAuts
    D:10: 1064 daAuts
     D:6: 979 daAuts
  Lair:4: 965 daAuts
  Lair:3: 961 daAuts
     D:2: 927 daAuts
  Lair:1: 894 daAuts
     D:7: 868 daAuts
     D:4: 748 daAuts
     D:1: 462 daAuts
 Volcano: 131 daAuts
